 Dungeon Crawl Stone Soup version 0.25.0-9-g26727b657a (webtiles) character file.

Game seed: 4733667272404641952

8845 Dirian the Carver (level 11, 0/94 HPs)
             Began as a Minotaur Fighter on June 16, 2020.
             Was an Elder of Okawaru.
             Slain by a bone dragon (11 damage)
             ... on level 1 of the Abyss.
             The game lasted 00:19:20 (9849 turns).

Dirian the Carver (Minotaur Fighter)                Turns: 9849, Time: 00:19:21

Health: 0/94       AC: 15    Str: 24    XL:     11   Next: 15%
Magic:  11/13      EV: 11    Int:  5    God:    Okawaru [****..]
Gold:   269        SH: 15    Dex: 16    Spells: 10/10 levels left

rFire    . . .     SeeInvis .   y - +4 scimitar (drain)
rCold    . . .     Gourm    .   c - +1 kite shield
rNeg     + . .     Faith    .   x - +2 chain mail {rN+}
rPois    .         Spirit   .   (helmet restricted)
rElec    .         Reflect  .   l - +0 cloak
rCorr    .         Harm     .   (no gloves)
MR       .....                  (no boots)
Stlth    ..........             (no amulet)
HPRegen  0.25/turn              s - +6 ring of dexterity
MPRegen  0.13/turn              (no ring)

@: lethally poisoned (0 -> 0), heroism
A: retaliatory headbutt, horns 2
a: Heroism, Renounce Religion


You were on level 1 of the Abyss.
You worshipped Okawaru.
Okawaru was greatly pleased with you.
You were not hungry.

You visited 2 branches of the dungeon, and saw 11 of its levels.
You visited the Abyss 1 time.
You also visited: Bailey.

You collected 584 gold pieces.
You spent 315 gold pieces at shops.

Inventory:

Hand Weapons
 a - a +1 long sword of venom
 y - a +4 scimitar of draining (weapon)
 A - a +1 falchion of protection
Armour
 b - a +0 plate armour
 c - a +1 kite shield (worn)
 i - a +1 scale mail of magic resistance
 l - a +0 cloak (worn)
 x - a +2 chain mail of positive energy (worn)
Jewellery
 s - a +6 ring of dexterity (left hand)
 H - an uncursed ring of ice
Wands
 m - a wand of paralysis (18)
 v - a wand of digging (5)
 B - a wand of polymorph (10)
 C - a wand of iceblast (2)
Scrolls
 f - a scroll of summoning
 k - 2 scrolls of enchant armour
 o - 3 scrolls of immolation
 t - a scroll of teleportation
 G - a scroll of enchant weapon
Potions
 d - 2 potions of might
 g - 3 potions of berserk rage
 h - a potion of ambrosia
 n - 3 potions of flight
 q - 4 potions of curing
 u - 2 potions of lignification
 z - a potion of haste {unknown}
 D - a potion of mutation {unknown}
 E - a potion of magic
Comestibles
 e - 18 rations


   Skills:
 + Level 8.0(13.0) Fighting
 * Level 14.9(19.9) Long Blades
 - Level 7.0(12.0) Armour
 + Level 9.1(14.1) Shields
 * Level 4.9 Invocations


You had 10 spell levels left.
You didn't know any spells.
Your spell library contained the following spells:

 Spells                   Type           Power        Failure   Level  Hunger
 Shock                    Conj/Air       #...         96%         1    ##.....
 Swiftness                Chrm/Air       #.......     99%         2    ###....
 Static Discharge         Conj/Air       #.......     100%        3    ####...
 Airstrike                Air            #.........   100%        4    #####..
 Lightning Bolt           Conj/Air       #.........   100%        5    ######.


Dungeon Overview and Level Annotations

Branches:
Dungeon (10/15)            Temple (1/1) D:5            Lair (0/6) D:8
 Bailey (visited)
    Orc: D:9-12

Altars:
Ashenzari
Cheibriados
Dithmenos
Elyvilon
Fedhas
Gozag
Hepliaklqana
Kikubaaqudgha
Makhleb
Nemelex Xobeh
Okawaru
Qazlal
Ru
Sif Muna
Trog
Uskayaw
Vehumet
Wu Jian
Xom
Yredelemnul
Zin
The Shining One

Shops:
D:4 }   D:5 %[:(   D:9 *


Innate Abilities, Weirdness & Mutations

You reflexively headbutt those who attack you in melee.
You have a pair of horns on your head.


Message History

You block the bone dragon's attack. The bone dragon claws you.
The bone dragon tramples you but does no damage.
You slash the ynoxinul!
You kill the ynoxinul!
Okawaru accepts your kill. The bone dragon bites you.
The bone dragon barely misses you. The bone dragon tramples you.
* * * LOW HITPOINT WARNING * * *
You stumble backwards!
You hit the bone dragon but do no damage.
You headbutt the bone dragon, but do no damage.
The bone dragon is lightly damaged.
You feel sick.
You hit the bone dragon but do no damage.
You headbutt the bone dragon.
The bone dragon is lightly damaged.
The bone dragon bites you!
* * * LOW HITPOINT WARNING * * *
The bone dragon claws you!
You die...

. .#..#....#
.#. # # . .# ##
.. #. . # .#
#...#..### ..
.. ###.. . . #
## . [# .##
.##.# . ..####.
#...># # ##
.#...#....#.
#..##..#@##.. #
#....†.D.# #
#...###..#.#..#
> #.#..#.. #.#
...###..## #
..... .##
#...#.. .
.....#. ..
#.#.#.# .#


You could see a bone dragon.

Vanquished Creatures
  Harold (D:8)
  A centaur warrior (D:9)
  A guardian serpent (Abyss:1)
  Psyche (D:9)
  A smoke demon (Abyss:1)
  An ancient zyme (Abyss:1)
  A hippogriff (D:8)
  A ynoxinul (Abyss:1)
  A spriggan (D:7)
  Grum (D:10)
  A hungry ghost (D:9)
  Sigmund (D:2)
  2 steam dragons
  A water moccasin (D:8)
  Duvessa (D:4)
  A hell hound (Abyss:1)
  2 black bears (D:8)
  4 ice beasts
  2 orc warriors
  A sky beast (D:8)
  4 phantoms
  A necrophage (D:8)
  4 ogres
  3 wolves (D:10)
  3 centaurs
  A big kobold (D:10)
  A crocodile (D:8)
  5 bullfrogs (D:8)
  Dowan (D:4)
  3 scorpions
  7 killer bees
  7 wights
  5 crimson imps
  2 howler monkeys
  3 bullfrog zombies
  A quasit (D:7)
  A centaur skeleton (D:8)
  3 hounds
  2 jellies
  2 orc priests
  4 orc wizards
  A gnoll shaman (D:7)
  2 iguanas
  Natasha (thrice) (D:2)
  6 worker ants
  A killer bee zombie (D:10)
  A hound skeleton (D:7)
  2 worker ant zombies
  Robin (D:4)
  5 adders
  24 gnolls
  A shadow imp (D:5)
  3 oozes
  4 adder skeletons
  A worm (D:2)
  2 dart slugs
  5 leopard geckos
  37 orcs
  A ball python (D:1)
  6 giant cockroaches
  12 goblins
  8 hobgoblins
  9 jackals
  12 kobolds
  3 quokkas
  6 bats
  6 frilled lizards
  A giant cockroach zombie (D:5)
  A quokka skeleton (D:4)
  6 rats
259 creatures vanquished.

Vanquished Creatures (others)
  An orc warrior (D:7)
  A centaur (D:7)
  A crimson imp (D:7)
  An orc wizard (D:7)
  A white imp (Abyss:1)
  A giant cockroach (D:7)
6 creatures vanquished.

Grand Total: 265 creatures vanquished

Notes
Turn   | Place    | Note
-------+----------+-------------------------------------------
     0 | D:1      | Dirian the Minotaur Fighter began the quest for the Orb.
     0 | D:1      | Reached XP level 1. HP: 19/19 MP: 0/0
   142 | D:1      | Reached XP level 2. HP: 27/27 MP: 1/1
   503 | D:1      | Reached skill level 3 in Long Blades
   536 | D:1      | Reached XP level 3. HP: 33/33 MP: 2/2
  1081 | D:2      | Noticed Natasha
  1086 | D:2      | Killed Natasha
  1125 | D:2      | Noticed Natasha
  1135 | D:2      | Killed Natasha
  1135 | D:2      | Reached skill level 4 in Long Blades
  1135 | D:2      | Reached XP level 4. HP: 32/40 MP: 3/3
  1224 | D:2      | Noticed Sigmund
  1239 | D:2      | Killed Sigmund
  1239 | D:2      | Reached skill level 5 in Long Blades
  1239 | D:2      | Reached XP level 5. HP: 20/47 MP: 4/4
  1466 | D:2      | Noticed Natasha
  1470 | D:2      | Killed Natasha
  1470 | D:2      | Reached skill level 6 in Long Blades
  1470 | D:2      | Reached XP level 6. HP: 53/53 MP: 5/5
  2533 | D:3      | Found a snail-covered altar of Cheibriados.
  2962 | D:4      | Reached skill level 5 in Armour
  3042 | D:4      | Found Xumieduo's Gadget Emporium.
  3068 | D:4      | Noticed Robin
  3078 | D:4      | Killed Robin
  3078 | D:4      | Reached skill level 7 in Long Blades
  3276 | D:4      | Reached XP level 7. HP: 43/60 MP: 6/6
  3524 | D:4      | Noticed Duvessa
  3524 | D:4      | Noticed Dowan
  3536 | D:4      | Killed Duvessa
  3536 | D:4      | Reached skill level 5 in Shields
  3542 | D:4      | Killed Dowan
  3542 | D:4      | Reached skill level 8 in Long Blades
  3957 | D:5      | Entered Level 5 of the Dungeon
  3977 | D:5      | Reached skill level 5 in Fighting
  4083 | D:5      | Reached XP level 8. HP: 44/68 MP: 7/7
  4198 | D:5      | Found Rugh's Book Shoppe.
  4215 | D:5      | Reached skill level 9 in Long Blades
  4452 | D:5      | Found Viask's Antique Armour Shoppe.
  4484 | D:5      | Found Zizib's Antique Weapon Emporium.
  4685 | D:5      | Found Zaeso's Food Emporium.
  5000 | D:5      | Found a staircase to the Ecumenical Temple.
  5064 | Temple   | Entered the Ecumenical Temple
  5197 | Temple   | Became a worshipper of Warmaster Okawaru
  5291 | D:6      | Reached skill level 10 in Long Blades
  5575 | D:6      | Found a blossoming altar of Fedhas.
  5877 | D:6      | Found a burning altar of Makhleb.
  6065 | D:7      | Reached * piety under Okawaru
  6065 | D:7      | Reached XP level 9. HP: 60/75 MP: 8/8
  6161 | D:7      | Reached skill level 1 in Invocations
  6260 | D:7      | Found a shimmering altar of Xom.
  6297 | D:7      | Reached skill level 11 in Long Blades
  6345 | D:7      | Found a shadowy altar of Dithmenos.
  6906 | D:7      | Reached ** piety under Okawaru
  7099 | D:7      | Reached skill level 12 in Long Blades
  7410 | D:8      | Found a flagged portal.
  7442 | Bailey   | Entered a bailey
  7775 | D:8      | Reached *** piety under Okawaru
  7775 | D:8      | Reached XP level 10. HP: 73/86 MP: 11/11
  7830 | D:8      | Found a bloodstained altar of Trog.
  7913 | D:8      | Found a sacrificial altar of Ru.
  7914 | D:8      | Reached skill level 13 in Long Blades
  8258 | D:8      | Noticed Harold
  8268 | D:8      | Killed Harold
  8514 | D:8      | Found a staircase to the Lair.
  8670 | D:9      | Noticed a centaur warrior
  8681 | D:9      | Killed a centaur warrior
  8681 | D:9      | Reached **** piety under Okawaru
  8681 | D:9      | Reached skill level 14 in Long Blades
  8892 | D:9      | Found Qapsa's General Store.
  8900 | D:9      | Bought a +2 chain mail of positive energy for 259 gold
                  | pieces
  8900 | D:9      | Bought a potion of might for 56 gold pieces
  9061 | D:9      | Noticed Psyche
  9066 | D:9      | Killed Psyche
  9482 | D:10     | Entered Level 10 of the Dungeon
  9484 | D:10     | Noticed Grum
  9491 | D:10     | Killed Grum
  9773 | D:10     | Reached XP level 11. HP: 70/94 MP: 13/13
  9775 | D:10     | Cast into level 1 of the Abyss (kobold)
  9827 | Abyss:1  | HP: 4/94 [poisoned by a guardian serpent (bolt of poison)]
  9834 | Abyss:1  | Noticed a bone dragon
  9849 | Abyss:1  | Slain by a bone dragon

Illustrated notes

Levels and vault maps discovered:
D:1:      lightli_arrival_noodles, layout_loops_corners, minmay_quantized
D:2:      layout_loops_ring, first_ration, uniq_sigmund, uniq_natasha
D:3:      cheibrodos_helix_gallery, layout_basic, kennysheep_slug_shrine
D:4:      layout_basic, serial_shops, shop_fountains, uniq_robin, uniq_duvessa
D:5:      layout_basic, minmay_temple_entry_fiery, serial_shops, shop, shop,
          nicolae_shop_behind_doors, shop
D:6:      layout_loops_ring, grunt_temple_overflow_open
D:7:      layout_loops_corners, xom_confusion_cloud, the_bakery,
          corexii_checkpoint_a, grunt_dithmenos_smoke_and_mirrors
D:8:      minmay_inner_zag, layout_rooms, trog_ov_bears_minmay,
          nicolae_overflow_hidden_temple, lair_entry_dummy, enter_bailey_6,
          uniq_harold
D:9:      layout_grid_maze, serial_shops, shop, uniq_psyche
D:10:     layout_cave_pools, serial_shops, nicolae_shop_overgrown_old_shop,
          uniq_maurice, uniq_grum
Temple:   nicolae_temple_elliptical
Abyss:1:  base: D:9, evilmike_abyss_exit_10

Skill      XL: |  1  2  3  4  5  6  7  8  9 10 11 |
---------------+----------------------------------+-----
Armour         | 4 5 7 |  7.0
Long Blades    | 3 4 5 6 7 8 10 12 14 | 14.9
Fighting       | 4 5 7 8 |  8.0
Shields        | 4 5 6 7 8 9 |  9.1
Invocations    | 3 4 |  4.9

Action                   |  1- 3 |  4- 6 |  7- 9 | 10-12 || total
-------------------------+-------+-------+-------+-------++-------
Melee: Long sword        |    66 |   145 |   203 |       ||   414
       Headbutt          |    13 |    22 |    85 |    46 ||   166
       Scimitar          |       |       |   141 |   148 ||   289
Invok: Heroism           |       |       |     2 |     6 ||     8
  Use: Potion            |       |     1 |       |     3 ||     4
       Scroll            |       |     9 |     6 |     9 ||    24
  Eat: Chunk             |     1 |     7 |    10 |     4 ||    22
       Ration            |       |       |     1 |     1 ||     2
Armor: Scale mail        |    30 |    36 |    31 |       ||    97
       Chain mail        |       |       |    70 |    40 ||   110
Dodge: Dodged            |    15 |    21 |    53 |    28 ||   117
Block: Kite shield       |    28 |    70 |   173 |    89 ||   360
       Rpst.: Long sword |     4 |     2 |     7 |       ||    13
       Scimitar          |       |       |     3 |    12 ||    15
